 Dungeon Crawl Stone Soup version 0.18-a0-1426-g3b9a63c (webtiles) character file.

177 Goblin1989 the Cudgeler (level 5, -7/38 HPs)
             Began as a Demonspawn Hunter on Feb 27, 2016.
             Mangled by an orc
             ... wielding a +2 hand axe of electrocution
              (10 damage)
             ... on level 3 of the Dungeon.
             The game lasted 00:11:21 (3261 turns).

Goblin1989 the Cudgeler (Demonspawn Hunter)         Turns: 3261, Time: 00:11:21

Health: -7/38      AC:  7    Str: 14    XL:     5   Next: 30%
Magic:  5/5        EV: 11    Int: 12    God:
Gold:   62         SH:  0    Dex: 13    Spells: 0 memorised, 4 levels left

rFire  . . .     SeeInvis +     e - -1 whip (curse)
rCold  . . .     Gourm    .     b - +0 ring mail
rNeg   . . .     Faith    .     (no shield)
rPois  .         Spirit   .     (no helmet)
rElec  .         Dismiss  .     (no cloak)
rCorr  .         Reflect  .     (no gloves)
SustAt .         Harm     .     (no boots)
MR     .....                    (no amulet)
Stlth  +.........               (no ring)
                                h - ring of see invisible

@: not resistant to hostile enchantments, very unstealthy
A: claws 1, slimy green scales 1, demonic guardian 1, rot immunity
a: no special abilities


You were on level 3 of the Dungeon.
You were not hungry.

You visited 1 branch of the dungeon, and saw 3 of its levels.

You collected 62 gold pieces.

Inventory:

Hand Weapons
 a - a +1 hand crossbow
 e - a cursed -1 whip (weapon)
Missiles
 c - 2 silver javelins (quivered)
 d - 40 bolts
Armour
 b - a +0 ring mail (worn)
Jewellery
 h - a ring of see invisible (left claw)
Potions
 i - a potion of cancellation {unknown}
 j - a potion of agility
 k - a potion of curing


   Skills:
 - Level 2.1 Fighting
 + Level 4.4 Maces & Flails
 - Level 3.6 Crossbows
 - Level 1.9 Dodging
 - Level 1.0 Stealth


You had 4 spell levels left.
You didn't know any spells.

Dungeon Overview and Level Annotations

Branches:
Dungeon (3/15)

Altars:
Yredelemnul


Innate Abilities, Weirdness & Mutations

You have sharp fingernails.
You are partially covered in slimy green scales (AC +2).
A weak demonic guardian rushes to your aid.
You are immune to rotting.


Message History

The orc hits you from afar with a trident!
* * * LOW HITPOINT WARNING * * *
The orc hits you with a trident.
* * * LOW HITPOINT WARNING * * *
Things that are here:
a trident; an orc corpse An orc comes into view.
It is wielding a hand axe of electrocution.
The orc shouts!
The orc misses you.
You hit the orc.
The orc is moderately wounded.
You hit the orc.
You kill the orc!
You hit the orc but do no damage. You hit the orc but do no damage.
The orc hits you with a hand axe of electrocution.
* * * LOW HITPOINT WARNING * * *
You closely miss the orc. The orc hits you but does no damage.
You are electrocuted!
You die...

#.###############
..h......h.h.o..#########
........o................
#.#############..........
##.######## #........#
#...####.# #@o.#..#.#
#)#....#.# #)#.##.#.#
#)#...<..#..#
#.#....###..# #)#....+
..# #.##...# #.# #(##...#
#.# #.###[## #.#


You could see an orc.

Vanquished Creatures
  An orc wizard (D:3)
  5 adders
  3 gnolls (D:2)
  A worm (D:3)
  A dart slug (D:1)
  3 giant geckos (D:1)
  13 orcs (D:3)
  2 ball pythons
  A giant cockroach (D:1)
  4 goblins
  2 hobgoblins
  5 jackals (D:3)
  A quokka (D:3)
  5 bats
  A giant newt (D:2)
  6 kobolds
  6 rats
60 creatures vanquished.

Vanquished Creatures (collateral kills)
  2 orcs (D:3)
2 creatures vanquished.

Grand Total: 62 creatures vanquished

Notes
Turn   | Place    | Note
--------------------------------------------------------------
     0 | D:1      | Goblin1989 the Demonspawn Hunter began the quest for the Orb.
     0 | D:1      | Reached XP level 1. HP: 16/16 MP: 1/1
    26 | D:1      | Reached skill level 1 in Stealth
   227 | D:1      | Gained mutation: You are partially covered in slimy green scales (AC +2). [demonic ancestry]
   227 | D:1      | Reached XP level 2. HP: 1/22 MP: 2/2
   236 | D:1      | Reached skill level 1 in Maces & Flails
  1448 | D:2      | Reached skill level 2 in Maces & Flails
  1498 | D:2      | Gained mutation: A weak demonic guardian rushes to your aid. [demonic ancestry]
  1498 | D:2      | Reached XP level 3. HP: 19/27 MP: 3/3
  1732 | D:2      | Reached skill level 3 in Maces & Flails
  2043 | D:2      | Gained mutation: You are immune to rotting. [demonic ancestry]
  2043 | D:2      | Reached XP level 4. HP: 33/33 MP: 4/4
  2699 | D:3      | Found a basalt altar of Yredelemnul.
  2720 | D:3      | Reached skill level 4 in Maces & Flails
  2720 | D:3      | Gained mutation: You have sharp fingernails. [demonic ancestry]
  2720 | D:3      | Reached XP level 5. HP: 38/38 MP: 5/5
  3261 | D:3      | Mangled by an orc

Vault maps used:
D:1:      minmay_arrival_up_and_down
D:2:      kennysheep_generic_room_10
D:3:      lemuel_blue_sif_altar, lemuel_crystal_altar,
          wad_floor_pattern_untrapped

Skill      XL: |  1  2  3  4 |
---------------+-------------+-----
Stealth        | 1 |  1.0
Maces & Flails | 2 3 4 |  4.4
Fighting       | |  2.1
Crossbows      | |  3.6
Dodging        | |  1.9

Action                   |  1- 3 |  4- 6 || total
-------------------------+-------+-------++-------
Melee: Whip              |    65 |   211 ||   276
       Short sword       |     5 |       ||     5
Throw: Javelin           |    37 |    22 ||    59
  Use: Scroll            |     1 |     3 ||     4
       Potion            |     1 |     2 ||     3
 Stab: Sleeping          |     1 |       ||     1
  Eat: Chunk             |     1 |     1 ||     2
       Bread ration      |     1 |       ||     1
       Pizza             |       |     1 ||     1
